 Dungeon Sprint DCSS version 0.20.0-15-g7f486f2 (webtiles) character file.

12200000 Groucho the Ninja (level 27, -27/249 HPs)
             Began as a Merfolk Assassin on June 15, 2017.
             Was the Champion of Makhleb.
             Annihilated by a meat berserker
             ... wielding a +9 battleaxe
              (69 damage)
             ... in the Dungeon (Sprint VIII: "Arena of Blood").
             The game lasted 00:06:17 (122 turns).

Groucho the Ninja (Merfolk Assassin)                 Turns: 122, Time: 00:06:17

Health: -27/249    AC:  6    Str: 12    XL:     27
Magic:  41/54      EV: 38    Int: 12    God:    Makhleb [******]
Gold:   0          SH:  0    Dex: 26    Spells: 80/80 levels left

rFire    . . .     SeeInvis .   n - +∞ Axe of Woe
rCold    . . .     Gourm    .   (shield currently unavailable)
rNeg     . . .     Faith    .   c - +0 robe
rPois    .         Spirit   .   (no helmet)
rElec    .         Reflect  .   d - +0 cloak
rCorr    .         Harm     .   (no gloves)
MR       ++...     NoTele   +   (no boots)
Stlth    +++++++++.             (no amulet)
Regen    0.6/turn               (no ring)
MPRegen  0.4/turn               (no ring)

@: lethally poisoned (-27 -> -41)
A: change form in water, swift swim, stealthy swim
a: Minor Destruction, Lesser Servant of Makhleb, Major Destruction, Greater
Servant of Makhleb, Renounce Religion


You were in the Dungeon.
You worshipped Makhleb.
Makhleb was exalted by your worship.
You were not hungry.

You visited 1 branch

Inventory:

Hand Weapons
 a - a +2 dagger
 b - a +0 blowgun
 n - the +∞ Axe of Woe (weapon)
   (You found it in the Dungeon)
Missiles
 e - 8 poisoned needles
 f - 2 curare-tipped needles
Armour
 c - a +0 robe (worn)
 d - a +0 cloak (worn)
Scrolls
 m - a scroll of blinking
Potions
 h - a potion of curing
 j - a potion of haste
 k - 2 potions of magic
 l - a potion of berserk rage
Comestibles
 g - a bread ration


   Skills:
 O Level 27 Fighting
 O Level 27 Short Blades
 O Level 27 Axes
 O Level 27 Throwing
 O Level 27 Armour
 O Level 27 Dodging
 O Level 27 Stealth
 O Level 27 Unarmed Combat
 O Level 27 Spellcasting
 O Level 27 Invocations


You had 80 spell levels left.
You didn't know any spells.

Dungeon Overview and Level Annotations

Branches:
Dungeon (1/1)

Altars:
Makhleb


Message History

The eight-headed meat hydra calls on the powers of darkness!
The eight-headed meat hydra convulses!
The bag of meat convulses!
The eight-headed meat hydra convulses!
Your body is wracked with pain!
The bag of meat convulses!
The meat berserker convulses!
The bag of meat convulses! x2; The scourge convulses!
The bag of meat convulses! x2
The scourge convulses!
The meat berserker convulses!
The bag of meat convulses!
The eight-headed meat hydra convulses!
The meat berserker convulses!
You hear a shout! x2
The eight-headed meat hydra calls on the powers of darkness!
The eight-headed meat hydra convulses!
The bag of meat convulses!
Your body is wracked with pain!
* * * LOW HITPOINT WARNING * * *
The eight-headed meat hydra convulses!
The meat berserker convulses!
The bag of meat convulses! x2; The scourge convulses!
The bag of meat convulses!
The scourge convulses!
The bag of meat convulses!
The scourge convulses!
The bag of meat convulses! x2; The eight-headed meat hydra convulses!
The meat berserker convulses!
The bag of meat convulses!
The meat berserker convulses!
The meat berserker hits you with a +9 battleaxe!!!
You die...

.. ..... #. ...#
O #.. ...# ..
.###.. ...###.Oo
......###....o..o
§...%._.S..oo..o
#...))O..o.o.
#_.<)@)Do..D.
#...)))......
....SM_2..2.....
......###S.......
.###.. .D.###...
#.. ...# .. #.
...# . .. .....


You could see an accursed, 3 eight-headed meat hydras, 3 scourges, 3 meat
berserkers, 9 bags of meat, a friendly balrug and a friendly blizzard demon.

Vanquished Creatures
  7 hell beasts (D)
  6 greater mummies (D)
  4 great orbs of eyes (D)
  4 wraiths (D)
  26 vampire knights (D)
  30 ogres (D)
  3 two-headed ogres (D)
  3 liches (D)
  2 hydras (D)
  74 orcs (D)
  A phantom (D)
  3 skeletal warriors (D)
  8 large abominations (D)
  3 small abominations (D)
  3 crawling corpses (D)
177 creatures vanquished.

Vanquished Creatures (collateral kills)
  A crawling corpse (D)
1 creature vanquished.

Grand Total: 178 creatures vanquished

Notes
Turn   | Place    | Note
-------+----------+-------------------------------------------
     0 | D        | Groucho the Merfolk Assassin began the quest for the Orb.
     0 | D        | Reached XP level 1. HP: 16/16 MP: 1/1
     3 | D        | Noticed a meat berserker
     4 | D        | Noticed a bag of meat
     4 | D        | Noticed a bag of meat
     4 | D        | Became a worshipper of Makhleb the Destroyer
     5 | D        | Noticed a meat berserker
     5 | D        | Killed a meat berserker
     5 | D        | Reached skill level 5 in Dodging
     5 | D        | Reached skill level 27 in Stealth
     5 | D        | Reached XP level 2. HP: 42/42 MP: 2/2
     5 | D        | Reached XP level 3. HP: 48/48 MP: 3/3
     5 | D        | Reached XP level 4. HP: 55/55 MP: 4/4
     5 | D        | Reached XP level 5. HP: 61/61 MP: 5/5
     5 | D        | Reached XP level 6. HP: 68/68 MP: 6/6
     5 | D        | Reached XP level 7. HP: 74/74 MP: 7/7
     5 | D        | Reached XP level 8. HP: 81/81 MP: 8/8
     5 | D        | Reached XP level 9. HP: 87/87 MP: 9/9
     5 | D        | Reached XP level 10. HP: 94/94 MP: 10/10
     5 | D        | Reached XP level 11. HP: 100/100 MP: 11/11
     5 | D        | Reached XP level 12. HP: 107/107 MP: 12/12
     5 | D        | Reached XP level 13. HP: 113/113 MP: 13/13
     6 | D        | Killed a meat berserker
     6 | D        | Reached * piety under Makhleb
     6 | D        | Reached XP level 14. HP: 55/120 MP: 14/14
     8 | D        | Noticed a bag of meat
     8 | D        | Killed a bag of meat
     8 | D        | Reached XP level 15. HP: 59/126 MP: 15/15
    13 | D        | Noticed a meat berserker
    14 | D        | Reached ** piety under Makhleb
    14 | D        | Reached skill level 27 in Dodging
    14 | D        | Reached XP level 16. HP: 64/133 MP: 16/16
    17 | D        | Killed a meat berserker
    17 | D        | Reached XP level 17. HP: 139/139 MP: 17/17
    18 | D        | Reached *** piety under Makhleb
    18 | D        | Reached skill level 27 in Axes
    18 | D        | Reached skill level 15 in Fighting
    22 | D        | Noticed a meat berserker
    22 | D        | Reached XP level 18. HP: 164/164 MP: 18/18
    23 | D        | Reached **** piety under Makhleb
    25 | D        | Noticed a large bag of meat
    27 | D        | Noticed a destroyer
    27 | D        | Noticed a meat berserker
    27 | D        | Reached skill level 27 in Fighting
    27 | D        | Reached XP level 19. HP: 189/189 MP: 19/19
    27 | D        | Reached ***** piety under Makhleb
    28 | D        | Noticed a meat berserker
    28 | D        | Killed a meat berserker
    30 | D        | Noticed a meat berserker
    30 | D        | Noticed a destroyer
    30 | D        | Killed a large bag of meat
    30 | D        | Reached skill level 27 in Armour
    30 | D        | Reached XP level 20. HP: 162/197 MP: 19/33
    32 | D        | Noticed a destroyer
    32 | D        | Noticed a destroyer
    32 | D        | Killed a meat berserker
    33 | D        | Noticed a meat berserker
    33 | D        | Killed a destroyer
    33 | D        | Reached skill level 27 in Invocations
    33 | D        | Reached XP level 21. HP: 204/204 MP: 19/38
    35 | D        | Killed a meat berserker
    35 | D        | Reached skill level 27 in Unarmed Combat
    35 | D        | Killed a meat berserker
    35 | D        | Reached XP level 22. HP: 212/212 MP: 20/39
    37 | D        | Noticed a destroyer
    37 | D        | Killed a destroyer
    37 | D        | Reached ****** piety under Makhleb
    37 | D        | Reached skill level 27 in Throwing
    37 | D        | Reached skill level 27 in Short Blades
    37 | D        | Reached skill level 10 in Spellcasting
    37 | D        | Reached XP level 23. HP: 219/219 MP: 20/46
    39 | D        | Reached skill level 27 in Spellcasting
    40 | D        | Killed a destroyer
    40 | D        | Reached XP level 24. HP: 227/227 MP: 21/54
    41 | D        | Noticed a destroyer
    41 | D        | Noticed a destroyer
    42 | D        | Killed a destroyer
    43 | D        | Noticed a destroyer
    43 | D        | Noticed a destroyer
    43 | D        | Reached XP level 25. HP: 234/234 MP: 21/54
    44 | D        | Killed a destroyer
    45 | D        | Noticed a destroyer
    45 | D        | Noticed a destroyer
    47 | D        | Noticed a destroyer
    47 | D        | Noticed a destroyer
    47 | D        | Noticed a destroyer
    47 | D        | Reached XP level 26. HP: 242/242 MP: 22/54
    47 | D        | Killed a destroyer
    48 | D        | Noticed a destroyer
    48 | D        | Killed a destroyer
    48 | D        | Reached XP level 27. HP: 249/249 MP: 23/54
    48 | D        | Killed a destroyer
    49 | D        | Killed a destroyer
    49 | D        | Killed a destroyer
    51 | D        | Killed a destroyer
    53 | D        | Noticed a destroyer
    53 | D        | Killed a destroyer
    53 | D        | Killed a destroyer
    55 | D        | Killed a destroyer
    56 | D        | Noticed an accursed
    57 | D        | Noticed an accursed
    58 | D        | Noticed a destroyer
    59 | D        | Noticed a destroyer
    60 | D        | Noticed a tyrant
    60 | D        | Killed an accursed
    61 | D        | Noticed a destroyer
    62 | D        | Noticed an accursed
    62 | D        | Killed a destroyer
    64 | D        | Killed a destroyer
    64 | D        | Killed a destroyer
    66 | D        | Killed an accursed
    66 | D        | Killed a destroyer
    67 | D        | Killed an accursed
    70 | D        | Noticed a destroyer
    70 | D        | Noticed a dread
    70 | D        | Killed a tyrant
    71 | D        | Killed a destroyer
    72 | D        | Killed a dread
    77 | D        | Noticed a meat beast
    77 | D        | Noticed a large bag of meat
    77 | D        | Noticed a destroyer
    77 | D        | Noticed a large bag of meat
    77 | D        | Noticed a destroyer
    78 | D        | Noticed a meat beast
    78 | D        | Killed a destroyer
    79 | D        | Killed a destroyer
    79 | D        | Killed a meat beast
    80 | D        | Noticed a dread
    80 | D        | Noticed a meat beast
    82 | D        | Killed a meat beast
    83 | D        | Noticed a meat beast
    83 | D        | Killed a large bag of meat
    85 | D        | Noticed a destroyer
    85 | D        | Noticed a meat beast
    85 | D        | Killed a large bag of meat
    85 | D        | Killed a meat beast
    87 | D        | Killed a meat beast
    87 | D        | Killed a destroyer
    88 | D        | Noticed a meat beast
    89 | D        | Killed a meat beast
    90 | D        | Noticed a dread
    90 | D        | Noticed a meat beast
    91 | D        | Noticed a destroyer
    92 | D        | Noticed a tyrant
    92 | D        | Killed a meat beast
    92 | D        | Killed a dread
    93 | D        | Noticed a destroyer
    93 | D        | Killed a meat beast
    95 | D        | Noticed an accursed
    96 | D        | Noticed a tyrant
    96 | D        | Noticed an accursed
    96 | D        | Killed a destroyer
    96 | D        | Killed a destroyer
    99 | D        | Killed a dread
   103 | D        | Killed a tyrant
   104 | D        | Killed a destroyer
   105 | D        | Noticed an accursed
   106 | D        | Noticed a dread
   106 | D        | Killed an accursed
   112 | D        | Killed a tyrant
   113 | D        | Killed an accursed
   115 | D        | Noticed a destroyer
   115 | D        | Killed an accursed
   116 | D        | Noticed an accursed
   116 | D        | Killed a dread
   118 | D        | Noticed an accursed
   119 | D        | Killed a destroyer
   120 | D        | Noticed a dread
   122 | D        | Annihilated by a meat berserker

Skill      XL: |  1  2  3  4  5  6  7  8  9 10 11 12 13 14 15 16 17 18 19 20 21 22 23 |
---------------+----------------------------------------------------------------------+-----
Fighting       | 14 20 27 | 27.0
Short Blades   | 14 27 | 27.0
Axes           | 6 14 16 19 25 27 | 27.0
Throwing       | 11 25 27 | 27.0
Dodging        | 5 19 22 27 | 27.0
Stealth        | 27 | 27.0
Armour         | 12 19 27 | 27.0
Invocations    | 18 27 | 27.0
Unarmed Combat | 21 27 | 27.0
Spellcasting   | 19 27 | 27.0

Action                   |  1- 3 |  4- 6 |  7- 9 | 10-12 | 13-15 | 16-18 | 19-21 | 22-24 | 25-27 || total
-------------------------+-------+-------+-------+-------+-------+-------+-------+-------+-------++-------
Melee: Executioner's axe |     1 |       |       |       |     4 |     9 |     5 |     7 |    69 ||    95
Invok: Greater Servant o |       |       |       |       |       |       |       |       |     9 ||     9
  Use: Potion            |       |       |       |       |       |       |       |       |     1 ||     1
 Stab: Distracted        |       |       |       |       |       |       |       |       |     1 ||     1
Dodge: Dodged            |       |       |       |       |       |       |       |       |     8 ||     8
